 Dungeon Crawl Stone Soup version 0.21-a0-396-ga924934 (webtiles) character file.

7546 CanOfBees the Fighter (level 10, 0/94 HPs)
             Began as a Minotaur Monk on Oct 19, 2017.
             Was an Elder of Wu Jian.
             Slain by a red ugly thing (12 damage)
             ... on level 10 of the Dungeon on Oct 20, 2017.
             The game lasted 00:19:37 (11640 turns).

CanOfBees the Fighter (Minotaur Monk)              Turns: 11640, Time: 00:19:38

Health: 0/94       AC: 10    Str: 18    XL:     10   Next: 96%
Magic:  11/11      EV: 19    Int:  7    God:    Wu Jian [****..]
Gold:   741        SH:  2    Dex: 20    Spells: 9/9 levels left

rFire    . . .     SeeInvis .   r - +0 lajatang
rCold    + . .     Gourm    .   (shield currently unavailable)
rNeg     + . .     Faith    .   o - +2 leather armour "Utwiwu" {rC+ rN+}
rPois    .         Spirit   .   (helmet restricted)
rElec    .         Reflect  +   M - +1 cloak {+Inv}
rCorr    .         Harm     .   (no gloves)
MR       .....                  y - +2 pair of boots
Stlth    ++........             K - +2 amulet of reflection
HPRegen  0.25/turn              V - ring of flight
MPRegen  0.12/turn              N - +4 ring of dexterity

@: no status effects
A: retaliatory headbutt, horns 2, low mp 1, strong 1
a: Serpent's Lash, Renounce Religion, Evoke Invisibility, Evoke Flight


You were on level 10 of the Dungeon.
You worshipped Wu Jian.
Wu Jian was greatly pleased with you.
You were not hungry.

You visited 2 branches of the dungeon, and saw 12 of its levels.
You also visited: Sewer.

You collected 741 gold pieces.

Inventory:

Hand Weapons
 m - a +4 hand axe
 n - a +0 hunting sling
 r - a +0 lajatang (weapon)
 P - a +1 whip of freezing
 S - the +2 trident "Tinoge" {elec, rElec Str+6}
   (You found it on level 7 of the Dungeon)

   Occasionally, upon striking a foe, it will discharge some electrical energy
   and cause terrible harm.
   It affects your strength (+6).
   It insulates you from electricity.
 W - the +6 long sword of Kunuz {slice, *Noise rPois rN+}
   (You found it on level 9 of the Dungeon)

   It inflicts extra damage upon your enemies.
   It protects you from poison.
   It protects you from negative energy.
   It may make noises in combat.
Missiles
 i - 84 sling bullets
 x - 8 javelins of penetration
 F - 6 javelins (quivered)
 J - 7 tomahawks
Armour
 j - a +0 cloak
 o - the +2 leather armour "Utwiwu" (worn) {rC+ rN+}
   (You found it on level 10 of the Dungeon)

   It protects you from cold.
   It protects you from negative energy.
 w - +0 ice dragon scales
 y - a +2 pair of boots (worn)
 z - a +0 scale mail
 M - a +1 cloak of invisibility (worn)
Jewellery
 b - a cursed ring of ice {unknown}
 q - an uncursed ring of protection from fire
 A - an uncursed ring of fire
 D - an uncursed ring of magical power
 G - an uncursed ring of protection from magic
 K - a +2 amulet of reflection (around neck)
 N - a +4 ring of dexterity (right hand)
 O - an uncursed ring of see invisible
 V - a ring of flight (left hand)
Wands
 I - a wand of digging (12/24)
Scrolls
 a - 3 scrolls of immolation {unknown}
 d - 5 scrolls of blinking
 e - 2 scrolls of recharging
 f - 3 scrolls of enchant armour {unknown}
 g - 3 scrolls of remove curse
 h - a scroll of noise {unknown}
 s - 3 scrolls of magic mapping
 u - 7 scrolls of teleportation
 E - a scroll of amnesia {unknown}
 H - a scroll of fear {unknown}
Potions
 l - a potion of degeneration {unknown}
 p - 3 potions of cancellation
 t - 4 potions of flight
 C - a potion of heal wounds
 Q - a potion of lignification {unknown}
 R - a potion of brilliance {unknown}
 T - 2 potions of curing {unknown}
Books
 B - a book of Fire

   Spells                             Type                      Level
   a - Ignite Poison                  Fire/Transmutation/Poison    3
   b - Fireball                       Conjuration/Fire             5
   c - Bolt of Fire                   Conjuration/Fire             6
   d - Ring of Flames                 Charms/Fire                  7
   e - Ignition                       Fire                         8
Comestibles
 c - 13 bread rations
 k - 5 fruits
 v - 7 meat rations
 L - 15 chunks of flesh


   Skills:
 + Level 10.6 Fighting
 + Level 10.3 Long Blades
 - Level 5.1(5.8) Axes
 - Level 4.0(5.9) Polearms
 + Level 4.2(5.0) Staves
 + Level 4.3 Armour
 - Level 9.0 Dodging
 - Level 1.5 Stealth
 + Level 4.9 Evocations


You had 9 spell levels left.
You didn't know any spells.

Dungeon Overview and Level Annotations

Branches:
Dungeon (11/15)            Temple (1/1) D:6
   Lair: D:8-11         Orc: D:9-12

Altars:
Ashenzari
Elyvilon
Gozag
Hepliaklqana
Kikubaaqudgha
Nemelex Xobeh
Okawaru
Qazlal
Ru
Sif Muna
Trog
Wu Jian
Zin
The Shining One


Innate Abilities, Weirdness & Mutations

You reflexively headbutt those who attack you in melee.
You have a pair of horns on your head.
Your magical capacity is low. (-10% MP)
Your muscles are strong. (Str +2)


Message History

There is a stone staircase leading up, spattered with blood here.
The red ugly thing misses you.
You climb upwards.
There is a stone staircase leading down here.
You spin to attack the red ugly thing, but your attack speed is too slow for a blow to land.
You block the red ugly thing's attack.
You spin to attack the red ugly thing, but your attack speed is too slow for a blow to land.
The red ugly thing closely misses you.
You attack the red ugly thing from above.
You slash the red ugly thing!
The red ugly thing is heavily wounded.
The red ugly thing claws you!
You are engulfed in flames!
* * * LOW HITPOINT WARNING * * *
You feel much better. The red ugly thing claws you.
You are engulfed in flames!!
* * * LOW HITPOINT WARNING * * *
You closely miss the red ugly thing. You headbutt the red ugly thing!
The red ugly thing is heavily wounded.
The red ugly thing claws you!
You die...

####+#....≈≈≈≈≈≈....
#.........≈≈≈≈≈≈....
#.......###≈≈≈≈###..
#......#...#≈≈#...#.
#......#.⌠.#≈≈#.⌠.#.
#......#...#≈≈#...#.
#.......###≈..≈###..
#.§§...))...........
#.u@)...[)..####....
#...>.......# #....
#...........# #####
#...........#
#############


You could see a red ugly thing.

Vanquished Creatures
  2 two-headed ogres (D:10)
  A freezing wraith (D:10)
  A troll (D:9)
  5 hippogriffs
  A wraith (D:7)
  A wyvern (D:10)
  6 yaks (D:9)
  A hungry ghost (D:7)
  The ghost of Atlas the Chiller, an amateur DsIE (Sewer)
  2 water moccasins (D:10)
  The ghost of chris0x the Digger, an amateur VSEE of Makhleb (D:4)
  4 orc warriors
  3 sky beasts
  A black bear (D:9)
  A phantom (D:7)
  3 ogres
  A big kobold (D:10)
  3 bullfrogs
  4 scorpions
  An electric eel (D:10)
  A howler monkey (D:7)
  A crimson imp (D:7)
  2 centaur zombies
  3 hounds
  A jelly (D:9)
  8 orc wizards
  7 orc priests
  A bullfrog skeleton (D:7)
  Crazy Yiuf (D:6)
  7 worker ants
  4 iguanas
  A merfolk siren (Sewer)
  A merfolk avatar (Sewer)
  A hound skeleton (D:4)
  3 gnolls (D:3)
  8 adders
  2 river rats (Sewer)
  2 shadow imps
  2 adder zombies
  A worm (D:2)
  2 dart slugs
  11 leopard geckos
  40 orcs
  6 giant cockroaches
  3 goblins
  8 hobgoblins
  9 jackals
  3 quokkas (D:4)
  6 ball pythons
  3 bats
  8 frilled lizards
  A jackal zombie (D:5)
  8 kobolds
  A quokka zombie (D:10)
  27 rats
236 creatures vanquished.

Vanquished Creatures (others)
  8 fungi (D:4)
8 creatures vanquished.

Grand Total: 244 creatures vanquished

Notes
Turn   | Place    | Note
-------+----------+-------------------------------------------
     0 | D:1      | CanOfBees the Minotaur Monk began the quest for the Orb.
     0 | D:1      | Reached XP level 1. HP: 19/19 MP: 0/0
   441 | D:1      | Reached XP level 2. HP: 27/27 MP: 1/1
  1107 | D:2      | Reached XP level 3. HP: 33/33 MP: 2/2
  1774 | D:3      | Found a glowing drain.
  1793 | Sewer    | Entered a sewer
  1801 | Sewer    | Reached XP level 4. HP: 41/41 MP: 3/3
  1898 | Sewer    | Reached skill level 1 in Axes
  2027 | Sewer    | Noticed Atlas's ghost (amateur DsIE)
  2046 | Sewer    | Killed Atlas's ghost
  2046 | Sewer    | Reached skill level 5 in Fighting
  2046 | Sewer    | Reached skill level 5 in Long Blades
  2046 | Sewer    | Reached XP level 5. HP: 22/48 MP: 4/4
  2318 | Sewer    | Reached XP level 6. HP: 56/56 MP: 5/5
  2546 | Sewer    | Got a brightly glowing robe
  2622 | D:3      | Identified the cursed +0 robe of Oquz {*Drain rCorr Slay+4 Stlth+} (You found it in a sewer)
  2825 | D:3      | Reached skill level 5 in Dodging
  4544 | D:4      | Noticed chris0x's ghost (amateur VSEE)
  4552 | D:4      | Killed chris0x's ghost
  4552 | D:4      | Reached XP level 7. HP: 59/63 MP: 6/6
  4729 | D:4      | Gained mutation: You are dopey. (Int -2) [potion of mutation]
  4729 | D:4      | Lost mutation: You are dopey. (Int -2) [potion of mutation]
  4729 | D:4      | Gained mutation: Scrolls take you a little longer to read. [potion of mutation]
  4729 | D:4      | Gained mutation: You are partially covered in icy blue scales. (AC +2) [potion of mutation]
  4730 | D:4      | Lost mutation: You are partially covered in icy blue scales. (AC +2) [potion of mutation]
  4730 | D:4      | Lost mutation: Scrolls take you a little longer to read. [potion of mutation]
  4730 | D:4      | Gained mutation: Your magical capacity is low. (-10% MP) [potion of mutation]
  4730 | D:4      | Gained mutation: Your muscles are strong. (Str +2) [potion of mutation]
  4735 | D:5      | Entered Level 5 of the Dungeon
  5549 | D:6      | Found a staircase to the Ecumenical Temple.
  5555 | Temple   | Entered the Ecumenical Temple
  5683 | Temple   | Became a worshipper of the Wu Jian Council
  5683 | Temple   | Reached * piety under Wu Jian
  5683 | Temple   | Reached ** piety under Wu Jian
  6186 | D:6      | Found a runed door.
  6371 | D:6      | Noticed Crazy Yiuf
  6378 | D:6      | Killed Crazy Yiuf
  6678 | D:7      | Reached XP level 8. HP: 73/73 MP: 6/6
  6751 | D:7      | Reached skill level 1 in Evocations
  7925 | D:7      | Reached XP level 9. HP: 69/81 MP: 8/8
  8177 | D:7      | Found a glowing golden altar of the Shining One.
  8675 | D:8      | Reached skill level 5 in Axes
  8809 | D:8      | Reached *** piety under Wu Jian
  9256 | D:7      | Got an ancient trident
  9263 | D:7      | Identified the cursed +2 trident "Tinoge" {elec, rElec Str+6} (You found it on level 7 of the Dungeon)
  9553 | D:9      | Reached skill level 1 in Polearms
  9692 | D:9      | Got a steaming long sword
  9693 | D:9      | Identified the +6 long sword of Kunuz {slice, *Noise rPois rN+} (You found it on level 9 of the Dungeon)
  9940 | D:9      | Noticed a troll
  9949 | D:9      | Killed a troll
  9949 | D:9      | Reached XP level 10. HP: 86/92 MP: 10/10
 10224 | D:10     | Entered Level 10 of the Dungeon
 10247 | D:10     | Reached skill level 1 in Armour
 10259 | D:10     | Noticed a two-headed ogre
 10268 | D:10     | Killed a two-headed ogre
 10268 | D:10     | Reached skill level 10 in Fighting
 10268 | D:10     | Reached skill level 1 in Staves
 10507 | D:10     | Reached **** piety under Wu Jian
 10512 | D:10     | Got a brightly glowing leather armour
 10525 | D:10     | Identified the +2 leather armour "Utwiwu" {rC+ rN+} (You found it on level 10 of the Dungeon)
 10813 | D:10     | Reached skill level 10 in Long Blades
 11311 | D:11     | Noticed a two-headed ogre
 11524 | D:10     | Killed a two-headed ogre
 11625 | D:11     | Noticed a red ugly thing
 11640 | D:10     | Slain by a red ugly thing

Vault maps used:
D:1:      lightli_arrival_windingriver, minmay_misc_feat_nine_boxes
D:2:      first_bread
D:3:      portal_sewer_entry_f
D:4:      serial_aquarium, aquarium_bridge_square, aquarium_window_fake,
          aquarium_window_1, aquarium_window_fake, aquarium_window_1,
          aquarium_view_2e, aquarium_pool_2
D:6:      temple_green, uniq_crazy_yiuf_cottage
D:7:      nicolae_overflow_hidden_temple
D:8:      roderic_malta_cross
D:10:     fountainhead, grunt_ogre_cave
D:11:     dpeg_lair_monsters, david_orc_4, serial_shops, shop, uniq_grum,
          uniq_urug
Temple:   roderic_octagonal_lattice_temple
Sewer:    sewer_sea

Skill      XL: |  1  2  3  4  5  6  7  8  9 10 |
---------------+-------------------------------+-----
Fighting       | 4 5 6 7 8 9 10 | 10.6
Long Blades    | 4 5 6 7 8 9 10 | 10.3
Dodging        | 4 5 6 7 9 |  9.0
Axes           | 1 2 3 4 5 |  5.1
Evocations     | 2 3 4 |  4.9
Polearms       | 2 4 |  4.0
Armour         | 4 |  4.3
Staves         | 4 |  4.2
Stealth        | |  1.5

Action                   |  1- 3 |  4- 6 |  7- 9 | 10-12 || total
-------------------------+-------+-------+-------+-------++-------
Melee: Falchion          |    11 |       |       |       ||    11
       Headbutt          |     9 |    19 |    72 |    34 ||   134
       Hand axe          |    51 |   139 |   241 |       ||   431
       Trident           |       |       |    46 |     5 ||    51
       Lajatang          |       |       |       |   141 ||   141
Throw: Throwing net      |       |       |     2 |       ||     2
       Javelin           |       |       |       |     8 ||     8
Evoke: Wand              |       |       |     1 |       ||     1
  Use: Scroll            |       |     4 |     8 |       ||    12
       Potion            |       |       |     7 |     5 ||    12
 Stab: Sleeping          |     5 |     2 |       |     2 ||     9
       Held in net/web   |       |       |     1 |       ||     1
       Distracted        |       |       |       |     1 ||     1
  Eat: Chunk             |     3 |     8 |    15 |     4 ||    30
       Royal jelly       |       |       |     2 |       ||     2
       Meat ration       |       |       |       |     1 ||     1
Armor: Robe              |     4 |       |       |       ||     4
       Ring mail         |    12 |    32 |       |       ||    44
       Scale mail        |       |    16 |    67 |    17 ||   100
       Leather armour    |       |       |       |    22 ||    22
Dodge: Dodged            |    48 |    90 |   172 |   174 ||   484
Block: Other             |       |       |    11 |     9 ||    20
       Rpst.: Falchion   |     1 |       |       |       ||     1

Table legend:
 A = Spawn XP
 B = Non-spawn XP
 C = Spawn XP percentage of total XP
 D = Spawn monster count
 E = Non-spawn monster count
 F = Spawn count percentage of total count
 G = Total turns spent on level
                    A         B        C        D         E        F      G
               +---------+---------+-------+---------+---------+-------+---------
         Total |       0 |   10780 |   0.0 |       0 |     236 |   0.0 | 11640
               +---------+---------+-------+---------+---------+-------+---------
           D:1 |       0 |      18 |   0.0 |       0 |      12 |   0.0 |   936
           D:2 |       0 |      62 |   0.0 |       0 |      23 |   0.0 |   777
           D:3 |       0 |      86 |   0.0 |       0 |      17 |   0.0 |  1148
           D:4 |       0 |     318 |   0.0 |       0 |      10 |   0.0 |  1063
           D:5 |       0 |     275 |   0.0 |       0 |      14 |   0.0 |   454
           D:6 |       0 |     249 |   0.0 |       0 |       6 |   0.0 |  1287
           D:7 |       0 |    1896 |   0.0 |       0 |      26 |   0.0 |  1996
           D:8 |       0 |     707 |   0.0 |       0 |      17 |   0.0 |   864
           D:9 |       0 |    1834 |   0.0 |       0 |      16 |   0.0 |   741
          D:10 |       0 |    4484 |   0.0 |       0 |      50 |   0.0 |  1356
          D:11 |       0 |     518 |   0.0 |       0 |       3 |   0.0 |    60
         Sewer |       0 |     333 |   0.0 |       0 |      42 |   0.0 |   811
               +---------+---------+-------+---------+---------+-------+---------
